 Dungeon Crawl Stone Soup version 0.21.1-1-g345015f (webtiles) character file.

115 inc the Cutter (level 5, 0/31 HPs)
             Began as an Octopode Enchanter on Apr 23, 2018.
             Slain by a gnoll
             ... wielding a +0 spear
              (8 damage)
             ... on level 1 of the Dungeon.
             The game lasted 00:06:33 (2273 turns).

inc the Cutter (Octopode Enchanter)                 Turns: 2273, Time: 00:06:34

Health: 0/31       AC:  1    Str:  7    XL:     5   Next: 0%
Magic:  0/8        EV: 13    Int: 18    God:
Gold:   87         SH:  0    Dex: 13    Spells: 1/8 levels left

rFire    . . .     SeeInvis .   a - +1 dagger
rCold    . . .     Gourm    .   (no shield)
rNeg     . . .     Faith    .   (helmet restricted)
rPois    .         Spirit   .   (no amulet)
rElec    .         Reflect  .   (no ring)
rCorr    .         Harm     .   (no ring)
MR       .....                  (no ring)
Stlth    +++.......             (no ring)
HPRegen  0.10/turn              (no ring)
MPRegen  0.11/turn              (no ring)
                                (no ring)
                                (no ring)

@: very slightly contaminated
A: almost no armour, stealthy swim, amphibious, 8 rings, constrict 8, camouflage
1, gelatinous body 1
a: no special abilities


You were on level 1 of the Dungeon.
You were very hungry.

You visited 1 branch of the dungeon, and saw 2 of its levels.

You collected 87 gold pieces.

Inventory:

Hand Weapons
 a - a +1 dagger (weapon)
Jewellery
 e - an uncursed ring of poison resistance {unknown}
 h - a +5 ring of protection {unknown}
 l - an uncursed amulet of rage {unknown}
Scrolls
 d - a scroll of enchant armour {unknown}
 i - a scroll of immolation {unknown}
 j - a scroll of enchant weapon {unknown}
 k - 2 scrolls of identify {unknown}
 m - a scroll of noise {unknown}
 n - a scroll of teleportation {unknown}
Potions
 f - a potion of degeneration {unknown}
 g - a potion of mutation {unknown}
 p - a potion of berserk rage {unknown}
Books
 b - a book of Maledictions

   Spells                             Type                      Level
   a - Corona                         Hexes                        1
   b - Ensorcelled Hibernation        Hexes/Ice                    2
   c - Confuse                        Hexes                        3
   d - Tukima's Dance                 Hexes                        3
   e - Dazzling Spray                 Conjuration/Hexes            3
 o - a book of Misfortune

   Spells                             Type                      Level
   a - Confusing Touch                Hexes                        1
   b - Confuse                        Hexes                        3
   c - Gell's Gravitas                Translocation                3
   d - Petrify                        Transmutation/Earth          4
   e - Metabolic Englaciation         Hexes/Ice                    5
   f - Yara's Violent Unravelling     Hexes/Transmutation          5
Comestibles
 c - 3 rations


   Skills:
 - Level 4.6 Short Blades
 - Level 2.0 Dodging
 - Level 4.0 Stealth
 + Level 2.0 Spellcasting
 - Level 3.0 Hexes


You had one spell level left.
You knew the following spells:

 Your Spells              Type           Power        Failure   Level  Hunger
a - Corona                Hex            ##.....      5%          1    #......
b - Ensorcelled Hibernat  Hex/Ice        #.....       14%         2    ###....
c - Confuse               Hex            ##......     16%         3    ###....
d - Confusing Touch       Hex            ##....       5%          1    #......


Dungeon Overview and Level Annotations

Branches:
Dungeon (2/15)

Altars:
Wu Jian


Innate Abilities, Weirdness & Mutations

You cannot wear most types of armour.
You are very stealthy in the water. (Stealth+)
You are amphibious.
You can wear up to eight rings at the same time.
You can use your tentacles to constrict eight enemies at once.
Your skin changes colour to match your surroundings (Stealth+).
Your rubbery body absorbs attacks. (AC +1, EV +1)


Message History

You miscast Ensorcelled Hibernation.
You are very lightly contaminated with residual magic.
You feel a bit tired. The gnoll hits you with a spear.
Casting: Ensorcelled Hibernation
Confirm with . or Enter, or press ? or * to list all spells.
Aiming: Ensorcelled Hibernation
Press: ? - help, Shift-Dir - straight line, f/p - gnoll
Aim: a gnoll, wielding a spear (chance to defeat MR: 48%)
The gnoll resists with some effort.
The gnoll hits you with a spear.
* * * LOW HITPOINT WARNING * * *
Casting: Ensorcelled Hibernation
Confirm with . or Enter, or press ? or * to list all spells.
You don't have enough magic to cast that spell.
Unknown command.
Casting: Ensorcelled Hibernation
Confirm with . or Enter, or press ? or * to list all spells.
You don't have enough magic to cast that spell.
Unknown command.
The gnoll hits you from afar with a spear!
You die...

### ##.#################### ###
##........g>@.........>######
..###..>.....######.###.........#
#.##.........(...........#.####.#
#.###........######.###..#.# #.#
#.# ##....#.## ###.###..#.# #.#
#.# ##.#.#.# #........#.## #.#
#.# #.#.#.# #.#.###.....###.# #.#
#.#.#.#####.#.# #..........
#.#####.#.#.........# #.....###..


You could see a gnoll.

Vanquished Creatures
  Natasha (D:2)
  A gnoll (D:1)
  2 adders (D:2)
  A worm (D:2)
  6 dart slugs
  4 leopard geckos
  2 giant cockroaches (D:1)
  8 hobgoblins
  A ball python (D:1)
  5 bats (D:1)
  2 frilled lizards
  4 goblins
  6 kobolds
  6 rats
49 creatures vanquished.

Vanquished Creatures (others)
  A goblin (D:2)
  A quokka (D:2)
2 creatures vanquished.

Grand Total: 51 creatures vanquished

Notes
Turn   | Place    | Note
-------+----------+-------------------------------------------
     0 | D:1      | inc the Octopode Enchanter began the quest for the Orb.
     0 | D:1      | Reached XP level 1. HP: 11/11 MP: 3/3
   114 | D:1      | Reached XP level 2. HP: 16/17 MP: 5/5
   380 | D:1      | Reached XP level 3. HP: 11/21 MP: 6/6
   521 | D:1      | Learned a level 2 spell: Ensorcelled Hibernation
   525 | D:1      | Learned a level 3 spell: Confuse
   893 | D:2      | Noticed Natasha
   900 | D:2      | HP: 1/21 [Natasha (9)]
   901 | D:2      | Killed Natasha
   901 | D:2      | Reached XP level 4. HP: 1/27 MP: 7/7
  1390 | D:2      | Found an ornate altar of the Wu Jian Council.
  2039 | D:1      | Reached XP level 5. HP: 8/31 MP: 8/8
  2206 | D:1      | Learned a level 1 spell: Confusing Touch
  2273 | D:1      | Slain by a gnoll

Skill      XL: |  1  2  3  4 |
---------------+-------------+-----
Short Blades   | 2 3 4 |  4.6
Dodging        | |  2.0
Stealth        | |  4.0
Spellcasting   | |  2.0
Hexes          | |  3.0

Action                   |  1- 3 |  4- 6 || total
-------------------------+-------+-------++-------
Melee: Dagger            |    77 |    49 ||   126
       Tentacles         |    12 |     7 ||    19
       Constrict         |    16 |    12 ||    28
 Cast: Ensorcelled Hiber |       |     3 ||     3
 Stab: Sleeping          |    15 |     3 ||    18
  Eat: Chunk             |       |     3 ||     3
Armor: Skin              |     3 |     2 ||     5
Dodge: Dodged            |    42 |    24 ||    66
